 Dungeon Crawl Stone Soup version 0.21.0-3-g78d12a8 (webtiles) character file.

4564 tilp the Destroyer (level 10, -5/79 HPs)
             Began as a Red Draconian Conjurer on Jan 11, 2018.
             Was a Follower of Vehumet.
             Slain by an ogre
             ... wielding a +0 giant spiked club
              (20 damage)
             ... on level 9 of the Dungeon on Jan 12, 2018.
             The game lasted 00:30:33 (10021 turns).

tilp the Destroyer (Red Draconian Conjurer)        Turns: 10021, Time: 00:30:34

Health: -5/79      AC:  7    Str: 11    XL:     10   Next: 18%
Magic:  4/19       EV: 13    Int: 18    God:    Vehumet [*.....]
Gold:   448        SH:  0    Dex: 12    Spells: 14/21 levels left

rFire    + . .     SeeInvis .   f - +5 short sword (freeze) (curse)
rCold    . . .     Gourm    +   (no shield)
rNeg     . . .     Faith    .   (armour unavailable)
rPois    .         Spirit   .   (helmet restricted)
rElec    .         Reflect  .   (no cloak)
rCorr    .         Harm     .   (no gloves)
MR       .....                  (no boots)
Stlth    ++........             g - amulet of the gourmand
HPRegen  0.23/turn              (no ring)
MPRegen  0.16/turn              (no ring)

@: no status effects
A: breathe fire, unfitting armour, fire resistance 1, cold-blooded, AC +7
a: Breathe Fire, Renounce Religion


You were on level 9 of the Dungeon.
You worshipped Vehumet.
Vehumet was aware of your devotion.
You were completely stuffed.

You visited 2 branches of the dungeon, and saw 10 of its levels.

You collected 448 gold pieces.

Inventory:

Hand Weapons
 c - a +0 whip
 f - a cursed +5 short sword of freezing (weapon)
 t - a +2 war axe of pain
Missiles
 G - 9 tomahawks (quivered)
 J - a throwing net
Armour
 A - a +0 buckler
Jewellery
 e - a +4 ring of intelligence {unknown}
 g - an amulet of the gourmand (around neck)
Wands
 h - a wand of iceblast (5)
 x - a wand of digging (18)
 D - a wand of disintegration (33)
Scrolls
 d - 4 scrolls of blinking
 i - a scroll of brand weapon {unknown}
 l - 3 scrolls of fear {unknown}
 m - 2 scrolls of immolation
 n - 4 scrolls of amnesia
 o - a scroll of identify
 r - a scroll of summoning {unknown}
 w - 2 scrolls of noise {unknown}
 y - 5 scrolls of remove curse
 B - a scroll of random uselessness {unknown}
 C - 4 scrolls of teleportation
 F - 4 scrolls of enchant armour
 I - a scroll of fog {unknown}
Potions
 j - 3 potions of curing
 p - a potion of cancellation {unknown}
 s - a potion of agility {unknown}
 u - 5 potions of flight
 v - a potion of ambrosia {unknown}
 z - 2 potions of lignification
Books
 a - a book of Conjurations

   Spells                             Type                      Level
   a - Magic Dart                     Conjuration                  1
   b - Searing Ray                    Conjuration                  2
   c - Dazzling Spray                 Conjuration/Hexes            3
   d - Fulminant Prism                Conjuration/Hexes            4
   e - Force Lance                    Conjuration/Translocation    4
   f - Iskenderun's Mystic Blast      Conjuration                  4
 k - a book of Geomancy

   Spells                             Type                      Level
   a - Sandblast                      Earth                        1
   b - Passwall                       Transmutation/Earth          2
   c - Stone Arrow                    Conjuration/Earth            3
   d - Petrify                        Transmutation/Earth          4
   e - Lee's Rapid Deconstruction     Earth                        5
 H - a book of Misfortune

   Spells                             Type                      Level
   a - Confusing Touch                Hexes                        1
   b - Confuse                        Hexes                        3
   c - Gell's Gravitas                Translocation                3
   d - Petrify                        Transmutation/Earth          4
   e - Metabolic Englaciation         Hexes/Ice                    5
   f - Yara's Violent Unravelling     Hexes/Transmutation          5
Comestibles
 b - 20 rations
 q - 5 chunks of flesh


   Skills:
 - Level 4.2 Fighting
 - Level 4.0 Dodging
 - Level 4.0 Stealth
 - Level 6.0 Spellcasting
 + Level 11.4 Conjurations
 - Level 4.1 Evocations


You had 14 spell levels left.
You knew the following spells:

 Your Spells              Type           Power        Failure   Level  Hunger
a - Magic Dart            Conj           ####         1%          1    None
b - Searing Ray           Conj           #####.       1%          2    None
c - Iskenderun's Mystic   Conj           #####...     1%          4    ####...


Dungeon Overview and Level Annotations

Branches:
Dungeon (9/15)             Temple (1/1) D:5
   Lair: D:8-11         Orc: D:9-12

Altars:
Ashenzari
Cheibriados
Dithmenos
Elyvilon
Fedhas
Gozag
Hepliaklqana
Kikubaaqudgha
Makhleb
Nemelex Xobeh
Okawaru
Qazlal
Ru
Sif Muna
Trog
Uskayaw
Vehumet
Wu Jian
Xom
Yredelemnul
Zin
The Shining One

Annotations:
D:4 Ghouzt's ghost, amateur DDFi
D:7 Inkary's ghost, novice MiBe
D:8 !cyclops
D:9 Prince Ribbit


Innate Abilities, Weirdness & Mutations

You can breathe blasts of fire.
Your fiery red scales are hard. (AC +7)
You cannot fit into any form of body armour.
Your flesh is heat resistant. (rF+)
You are cold-blooded and may be slowed by cold attacks.


Message History

The two-headed ogre closely misses you. The ogre barely misses you.
The searing ray hits the two-headed ogre.
You kill the two-headed ogre!
Vehumet accepts your kill.
Your Conjurations skill increases to level 11!
You have reached level 10!
The howler monkey hoots and howls with incredible vigour!
The ogre completely misses you.
The searing ray hits the howler monkey.
The howler monkey is severely wounded.
The howler monkey hoots and howls with incredible vigour!
The searing ray hits the howler monkey.
You kill the howler monkey!
Vehumet accepts your kill.
The searing ray hits the howler monkey.
You kill the howler monkey!
Vehumet accepts your kill.
You finish channeling your searing ray.
The ogre hits you with a giant spiked club!!
You die...

.........##..##.##.
.........##..##..#.
...................
.........h.h.......
.......#F##h.......
.###+._....#...#.
#.#.#...#.....
###########.............
.......@).F......>#.....
......O####..#.#........
.......'................
.......###.....#..#.#.##
.......###.....#..#.#.##
#+#####.................
................... #.
###.....#.#.)..#### #.#
#..####.##)...#


You could see Prince Ribbit and an ogre.

Vanquished Creatures
  A two-headed ogre (D:9)
  2 hippogriffs
  Sigmund (D:3)
  2 yaks (D:8)
  2 hogs (D:8)
  A human (D:8)
  2 sky beasts
  2 black bears
  An ice beast (D:8)
  A phantom (D:9)
  An ogre (D:9)
  A centaur (D:9)
  3 big kobolds
  A gnoll sergeant (D:9)
  5 bullfrogs
  A scorpion (D:7)
  5 wights (D:7)
  5 howler monkeys
  A centaur zombie (D:7)
  A jelly (D:8)
  A bullfrog skeleton (D:4)
  A centaur skeleton (D:5)
  2 orc priests (D:4)
  7 hounds
  2 orc wizards
  3 iguanas
  Terence (D:2)
  5 worker ants
  A killer bee zombie (D:7)
  A hound skeleton (D:5)
  A worker ant zombie (D:5)
  Robin (D:3)
  8 adders
  4 gnolls
  A shadow imp (D:9)
  An ooze (D:3)
  An adder skeleton (D:6)
  3 worms
  2 leopard geckos
  16 orcs
  4 ball pythons (D:1)
  2 giant cockroaches
  17 goblins
  5 hobgoblins
  3 jackals (D:6)
  A quokka (D:3)
  7 bats
  5 frilled lizards
  19 kobolds
  A leopard gecko zombie (D:7)
  A quokka skeleton (D:7)
  8 rats
174 creatures vanquished.

Notes
Turn   | Place    | Note
-------+----------+-------------------------------------------
     0 | D:1      | tilp the Draconian Conjurer began the quest for the Orb.
     0 | D:1      | Reached XP level 1. HP: 14/14 MP: 3/3
   330 | D:1      | Reached XP level 2. HP: 20/20 MP: 1/5
   334 | D:1      | Learned a level 2 spell: Searing Ray
  1065 | D:2      | Reached skill level 5 in Conjurations
  1066 | D:2      | Noticed Terence
  1146 | D:2      | Killed Terence
  1146 | D:2      | Reached XP level 3. HP: 26/26 MP: 1/6
  1573 | D:3      | Reached XP level 4. HP: 23/33 MP: 3/7
  1585 | D:3      | Reached skill level 6 in Conjurations
  1869 | D:3      | Noticed Robin
  1893 | D:3      | Killed Robin
  2113 | D:3      | Reached XP level 5. HP: 35/38 MP: 2/8
  2203 | D:3      | Found a snail-covered altar of Cheibriados.
  2359 | D:3      | You fall through a shaft for 3 floors!
  2397 | D:5      | Entered Level 5 of the Dungeon
  2397 | D:5      | Found a staircase to the Ecumenical Temple.
  2406 | Temple   | Entered the Ecumenical Temple
  2761 | D:5      | Reached skill level 7 in Conjurations
  2868 | D:5      | Found a sacrificial altar of Ru.
  2921 | D:3      | Noticed Sigmund
  2939 | D:4      | Reached XP level 6. HP: 40/45 MP: 6/9
  3133 | D:4      | Noticed Ghouzt's ghost (amateur DDFi)
  3434 | D:4      | Found an opulent altar of Gozag.
  3795 | D:4      | Reached skill level 8 in Conjurations
  3999 | D:4      | Found an ornate altar of the Wu Jian Council.
  4064 | D:4      | Found a glowing silver altar of Zin.
  4465 | D:4      | Reached skill level 1 in Fighting
  4663 | D:3      | Killed Sigmund
  4663 | D:3      | Your scales start taking on a fiery red colour.
  4663 | D:3      | Reached XP level 7. HP: 41/55 MP: 3/10
  4663 | D:3      | Gained mutation: Your flesh is heat resistant. (rF+) [Red Draconian growth]
  5627 | D:6      | Reached XP level 8. HP: 64/64 MP: 4/11
  6228 | D:7      | Found a bloodstained altar of Trog.
  6257 | D:7      | Noticed Inkary's ghost (novice MiBe)
  6378 | D:6      | Reached skill level 1 in Evocations
  6642 | D:7      | Found a radiant altar of Vehumet.
  6646 | D:7      | Became a worshipper of Vehumet
  7131 | D:7      | Noticed a hippogriff
  7141 | D:7      | Killed a hippogriff
  7768 | D:8      | Reached XP level 9. HP: 71/71 MP: 9/15
  7872 | D:8      | Reached skill level 9 in Conjurations
  8240 | D:8      | Reached skill level 5 in Spellcasting
  8425 | D:8      | Found a blossoming altar of Fedhas.
  8533 | D:8      | Learned a level 4 spell: Iskenderun's Mystic Blast
  8556 | D:8      | Noticed a cyclops
  9336 | D:9      | Reached skill level 10 in Conjurations
  9494 | D:9      | Reached * piety under Vehumet
  9494 | D:9      | Offered knowledge of Sting by Vehumet.
  9977 | D:9      | Found a shadowy altar of Dithmenos.
  9979 | D:9      | Noticed Prince Ribbit
  9999 | D:9      | Noticed a two-headed ogre
 10019 | D:9      | Killed a two-headed ogre
 10019 | D:9      | Reached skill level 11 in Conjurations
 10019 | D:9      | Reached XP level 10. HP: 15/79 MP: 7/19
 10021 | D:9      | Slain by an ogre

Skill      XL: |  1  2  3  4  5  6  7  8  9 |
---------------+----------------------------+-----
Conjurations   | 5 6 7 8 11 | 11.4
Stealth        | 2 3 4 |  4.0
Dodging        | 2 3 4 |  4.0
Fighting       | 2 3 4 |  4.2
Evocations     | 3 4 |  4.1
Spellcasting   | 4 6 |  6.0

Action                   |  1- 3 |  4- 6 |  7- 9 | 10-12 || total
-------------------------+-------+-------+-------+-------++-------
Melee: Whip              |    47 |   114 |    26 |       ||   187
       Tailslap          |     5 |    12 |    12 |       ||    29
       War axe           |       |       |    48 |       ||    48
       Short sword       |       |       |    68 |       ||    68
Throw: Stone             |    11 |     5 |       |       ||    16
       Tomahawk          |       |       |     4 |       ||     4
 Cast: Magic Dart        |    45 |    19 |    35 |       ||    99
       Searing Ray       |     4 |    21 |    46 |       ||    71
 Abil: Breathe Fire      |       |       |     2 |       ||     2
  Use: Potion            |       |     2 |       |       ||     2
       Scroll            |       |       |    11 |       ||    11
 Stab: Sleeping          |     2 |       |     3 |       ||     5
  Eat: Chunk             |     3 |    11 |    26 |       ||    40
       Ration            |       |       |     1 |       ||     1
Armor: Skin              |    21 |    42 |    82 |       ||   145
Dodge: Dodged            |    36 |    89 |   201 |     1 ||   327
